[Event "Manisa Yunusemre IM Norm 2019"]
[Site "Manisa"]
[Date "2019.05.03"]
[Round "8.4"]
[White "Nalbant, Tuna Onat"]
[Black "Mammadova, Narmin"]
[Result "1-0"]
[ECO "C98"]
[WhiteElo "2354"]
[BlackElo "2292"]
[Annotator "NA"]
[PlyCount "93"]
[EventDate "2019.04.30"]
[EventCountry "TUR"]
[SourceTitle "playchess.com"]
[Source "ChessBase"]
[SourceQuality "1"]
[TimeControl "5400+30"]

1. e4 e5 2. Nf3 Nc6 3. Bb5 a6 4. Ba4 Nf6 5. O-O Be7 6. Re1 b5 7. Bb3 O-O 8. c3 d6 9. h3 Na5 10. Bc2 c5 11. d4 Qc7 12. Nbd2 Bb7 13. d5 g6 14. b3 Bc8 15. Nf1 Nh5 16. Bh6 {[%emt 0:07:30] C98: Closed Ruy Lopez: Chigorin Defence: 11 d4 Qc7 12 Nbd2 Nc6} Re8 17. Ng3 Nxg3 18. fxg3 {[%emt 0:00:30] [#]} Bf8 $146 ({Predecessor:} 18... Nb7 19. c4 Bd7 20. Rf1 Bf8 21. Bd2 Bg7 22. Nh2 Rf8 23. Qe2 Nd8 {½-½ (41) Benjamin,J (2581)-Xie,J (2557) Seattle 2001}) 19. Qd2 Rb8 20. Rf1 f6 21. Nh4 Bg7 22. Rf2 Rf8 23. Raf1 Bxh6 24. Qxh6 Qg7 25. Qe3 Bd7 26. Bd3 Nb7 27. g4 h6 28. Rf3 g5 29. Nf5 Bxf5 $1 30. Rxf5 Qe7 31. Be2 Kg7 32. a4 bxa4 33. bxa4 c4 34. Bxc4 Nc5 35. a5 Qc7 36. Qf3 $15 Nd7 37. Qe2 Ra8 38. Kh1 Qxa5 39. Qb2 Qc7 40. Bd3 Rh8 41. Rb1 Ra7 42. Rf3 Kg6 43. Ra1 a5 44. Bb5 Nc5 45. Qf2 Qe7 46. c4 Nxe4 47. Qc2 1-0

[Event "Manisa Yunusemre IM Norm 2019"]
[Site "Manisa"]
[Date "2019.05.03"]
[Round "8.5"]
[White "Ozen, Bahadir"]
[Black "Guseynov, Alihan"]
[Result "1-0"]
[ECO "D14"]
[WhiteElo "2328"]
[BlackElo "2340"]
[Annotator "NA"]
[PlyCount "75"]
[EventDate "2019.04.30"]
[EventCountry "TUR"]
[SourceTitle "playchess.com"]
[Source "ChessBase"]
[SourceQuality "1"]
[TimeControl "5400+30"]

1. Nf3 Nf6 2. c4 c6 3. d4 d5 4. cxd5 cxd5 5. Nc3 Nc6 6. Bf4 Bf5 7. e3 e6 8. Qb3 Bb4 9. Ne5 {[%emt 0:03:30] D14: Slav Defence: Exchange variation with ...Bf5} Qb6 10. Nxc6 bxc6 11. Be2 Ne4 12. f3 Nxc3 13. bxc3 Be7 14. c4 Qxb3 15. axb3 c5 {[%emt 0:00:00] [#]} 16. g4 $146 ({Predecessor:} 16. cxd5 exd5 {1-0 (41) Rakhmanov,A (2627)-Ali Marandi,C (2540) Ankara 2018}) 16... Bg6 17. cxd5 exd5 18. Bb5+ Kf8 19. Ke2 f6 20. dxc5 Bxc5 21. Rhc1 Bb6 22. Bd6+ Kg8 23. Bc6 Rd8 24. Bxd5+ Bf7 25. Bc7 Re8 26. Bxf7+ Kxf7 27. Bxb6 axb6 28. Rc7+ Kg6 29. Raa7 Rhg8 30. Rab7 Rc8 31. Rc4 Rb8 32. Rxb8 Rxb8 33. b4 h5 34. gxh5+ $18 Kxh5 35. b5 Ra8 36. Rc6 Ra2+ 37. Kd3 Rxh2 38. Rxb6 1-0